AoeStats
← 月中眠

Arena

507488920Analyzed
4v4 RM · 15d ago on Sep 18, 2026· 39m 59s· 8 players
Game mode
Random Map
Map size
Large (8 player)
Population
200
Speed
Normal
Resources
Standard
Victory
Conquest
Starting age
Dark Age
Ending age
Imperial Age
RankedLock teamsTeams togetherTeam positionsShared explorationLock speedFull tech treeHidden civsTurbo modeCheats
Victory
Defeat
🇭🇰 Muisca · Hong Kong SAR China
1346
+14
🇨🇳 Khmer · China
1213
+12
🇨🇳 Japanese · China
1157
+15
🇨🇳 Franks · China
1114
+16
🇨🇳 Turks · China
1170
-14
🇨🇳 Celts · China
1142
-13
🇨🇳 Huns · China
1141
-13
🇨🇳 Armenians · China
1085
-11
76561199026418587
11:32 Feudal Age
16:01 Castle Age
14:41 Double-Bit Axe
15:08 Horse Collar
16:07 Stone Mining
18:23 Bow Saw
22:00 Gold Mining
22:57 Wheelbarrow
28:37 Imperial Age
26:45 Hand Cart
26:16 Loom
27:08 Scale Barding Armor
27:13 Forging
27:06 Marauders
28:40 Chain Barding Armor
30:35 Bloodlines
31:07 Husbandry
31:47 Iron Casting
31:48 Plate Barding Armor
32:26 Conscription
32:19 Elite Tarkan
36:06 Blast Furnace
36:42 Fletching
月中眠
10:57 Feudal Age
11:40 Loom
15:17 Castle Age
14:02 Double-Bit Axe
14:54 Horse Collar
23:29 Imperial Age
29:54 Imperial Age
34:45 Town Watch
不怜吉带
9:13 Feudal Age
10:27 Feudal Age
15:43 Castle Age
14:50 Scale Mail Armor
15:15 Double-Bit Axe
20:59 Man-at-Arms
21:40 Squires
21:25 Gambesons
31:58 Loom
38:42 Atonement
黑土
11:37 Feudal Age
15:28 Castle Age
13:40 Double-Bit Axe
15:18 Horse Collar
16:39 Bow Saw
23:23 Wheelbarrow
23:47 Gold Mining
24:48 Loom
26:41 Heavy Plow
29:09 Scale Mail Armor
32:51 Imperial Age
30:49 Pikeman
32:13 Hand Cart
31:45 Town Watch
33:26 Heavy Scorpion
34:54 Conscription
34:44 Furor Celtica
35:02 Ballistics
35:02 Chain Mail Armor
34:10 Halberdier
再见也是梦
10:44 Feudal Age
15:13 Castle Age
13:26 Double-Bit Axe
14:36 Scale Mail Armor
26:30 Horse Collar
27:12 Bow Saw
30:12 Wheelbarrow
29:25 Town Watch
29:25 Loom
36:07 Imperial Age
34:14 Gold Mining
34:15 Stone Mining
35:11 Fortified Wall
34:42 Treadmill Crane
35:47 Padded Archer Armor
35:37 Fletching
36:53 Hand Cart
36:38 Town Patrol
36:59 Leather Archer Armor
37:51 Chemistry
37:06 Masonry
38:28 Conscription
38:24 Guard Tower
38:31 Murder Holes
39:49 Arrowslits
40:39 Keep
40:16 Yasama
班长
9:27 Feudal Age
10:35 Loom
13:32 Castle Age
12:27 Double-Bit Axe
13:13 Horse Collar
23:27 Sanctity
23:24 Redemption
23:30 Redemption
26:24 Town Watch
27:15 Wheelbarrow
27:18 Fervor
28:26 Bow Saw
30:17 Gold Mining
34:13 Imperial Age
32:10 Heavy Plow
33:28 Scale Mail Armor
33:38 Forging
33:50 Stone Mining
36:03 Illumination
35:54 Block Printing
38:02 Two-Man Saw
37:52 Gold Shaft Mining
36:41 Capped Ram
38:27 Chemistry
38:21 Theocracy
38:15 Hand Cart
39:51 Herbal Medicine
40:05 Atonement
一梦千年
11:24 Feudal Age
15:04 Castle Age
13:39 Double-Bit Axe
16:48 Bow Saw
23:05 Wheelbarrow
28:27 Imperial Age
26:57 Fortified Wall
26:57 Masonry
27:08 Ballistics
27:39 Gold Mining
28:07 Husbandry
28:19 Forging
28:14 Scale Barding Armor
28:26 Hand Cart
27:56 Town Watch
27:57 Loom
29:53 Iron Casting
29:38 Chain Barding Armor
29:33 Town Patrol
29:03 Cavalier
31:39 Plate Barding Armor
32:05 Blast Furnace
32:19 Gold Shaft Mining
31:35 Stone Mining
33:34 Chemistry
32:30 Murder Holes
32:50 Siege Engineers
34:21 Chivalry
34:42 Conscription
33:51 Paladin
39:21 Caravan
班长
10:16 Feudal Age
13:58 Castle Age
13:02 Double-Bit Axe
13:00 Horse Collar
15:33 Bow Saw
17:20 Loom
21:42 Wheelbarrow
22:11 Heavy Plow
23:39 Gold Mining
27:22 Imperial Age
25:16 Scale Barding Armor
25:28 Stone Mining
26:15 Gold Shaft Mining
26:34 Husbandry
26:44 Bloodlines
27:46 Chain Barding Armor
27:19 Fletching
27:30 Padded Archer Armor
27:52 Ballistics
27:53 Hand Cart
27:23 Town Watch
28:18 Hand Cart
27:49 Town Watch
28:38 Crop Rotation
29:32 Chemistry
28:30 Bodkin Arrow
28:56 Chain Barding Armor
28:06 Elite Ballista Elephant
29:45 Stone Shaft Mining
29:40 Conscription
30:18 Leather Archer Armor
30:04 Bracer
30:17 Masonry
30:36 Double Crossbow
32:08 Ring Archer Armor
32:14 Plate Barding Armor
34:09 Fortified Wall
34:30 Architecture
33:55 Murder Holes
37:20 Hoardings
Connection lost

Rejoining the realm…

Still unreachable

The connection could not be restored.

Session expired

The server has moved on; the page needs a fresh start.